 Dungeon Crawl Stone Soup version 0.31.0-9-g3a7656b989 (webtiles) character file.

Game seed: 15457988965235959318

41 qw the Shooter (level 3, -5/18 HPs)
             Began as a Spriggan Hunter on Feb 3, 2024.
             Slain by a goblin
             ... wielding a +0 club
             ... led by Robin
              (6 damage)
             ... on level 2 of the Dungeon.
             The game lasted 00:00:22 (1105 turns).

qw the Shooter (Spriggan Hunter)                    Turns: 1105, Time: 00:00:22

Health: -5/18      AC:  2    Str:  7    XL:     3   Next: 32%
Magic:  4/4        EV: 19    Int: 10    God:
Gold:   45         SH:  0    Dex: 20    Spells: 2/2 levels left

rFire   . . .        a - +0 shortbow
rCold   . . .        (shield currently unavailable)
rNeg    . . .        c - +0 robe
rPois   .            (helmet restricted)
rElec   .            (no cloak)
rCorr   .            (gloves unavailable)
SInv    +            (boots unavailable)
Will    .....        (no amulet)
Stlth   ++           (no ring)
HPRegen 0.23/turn    (no ring)
MPRegen 0.09/turn

%: no passive effects
@: very quick
A: very small, no large weapons, unfitting armour, see invisible, speed 3
a: no special abilities


You were on level 2 of the Dungeon.
You visited 1 branch of the dungeon, and saw 2 of its levels.

You collected 45 gold pieces.


Innate Abilities, Weirdness & Mutations

You are very small and have problems with some larger weapons.
You are too small for most types of armour.
You have supernaturally acute eyesight. (SInv)
You cover ground extremely quickly. (Speed+++)


   Skills:
 - Level 1.5 Fighting
 + Level 4.6 Ranged Weapons
 - Level 4.0 Dodging
 - Level 1.5 Stealth


You had 2 spell levels left.
You didn't know any spells.
Your spell library was empty.

Inventory:

Hand Weapons
 a - a +0 shortbow (weapon)
Armour
 c - a +0 robe (worn)
Potions
 e - a potion of curing {unknown}
 f - a potion of heal wounds {unknown}

Dungeon Overview and Level Annotations

Branches:
Dungeon (2/15)

Altars:

Annotations:
D:2 Robin


Message History

You kill the hobgoblin!
You hear a shout!
A goblin comes into view. It is wielding a +0 club.
You shoot an arrow. The goblin shouts!
The arrow hits the goblin.
You kill the goblin!
Robin of the Strong Arm comes into view.
They are wielding a +0 mace.
You shoot an arrow.
The arrow hits the goblin but does no damage.
Robin throws the goblin at you!
You shoot an arrow. The arrow hits the goblin.
The goblin is severely wounded.
The goblin hits you with a +0 dagger.
A goblin comes into view. It is wielding a +0 club.
You shoot an arrow. The arrow closely misses the goblin.
The arrow misses the goblin.
The arrow hits the hobgoblin.
The hobgoblin is almost dead.
Robin throws the goblin at you! The goblin barely misses you.
The goblin hits you with a +0 club.
You shoot an arrow. The arrow hits the goblin!
You kill the goblin!
Robin roars a battlecry!
The goblins go into a battle-frenzy!
The goblin hits you with a +0 club.
A hobgoblin comes into view.
The goblin completely misses you. The goblin closely misses you.
The hobgoblin shouts!
You hear a shout!
You shoot an arrow. The arrow closely misses the goblin.
The goblin barely misses you. The goblin completely misses you.
You shoot an arrow. The arrow completely misses the goblin.
The goblin closely misses you. The goblin completely misses you.
You shoot an arrow. The arrow closely misses the goblin.
The goblin hits you with a +0 club.
A goblin comes into view. It is wielding a +0 club.
The goblin closely misses you.
You shoot an arrow. The arrow closely misses the goblin.
The goblin shouts!
The goblin hits you with a +0 club.
You die...

.>. #g#
#g# #g#
#g# #g#
#g# #@#
#g# #.#
#.#
##.#####
#......#
#......#
#......#
#......#


You could see Robin, 2 hobgoblins and 4 goblins.

Vanquished Creatures
  2 ball pythons
  An endoplasm (D:1)
  A giant cockroach (D:1)
  7 goblins
  4 hobgoblins
  3 jackals (D:1)
  4 kobolds (D:1)
  2 quokkas (D:1)
  4 bats (D:1)
  2 frilled lizards (D:1)
  5 rats (D:1)
35 creatures vanquished.

Notes
Turn   | Place    | Note
-------+----------+-------------------------------------------
     0 | D:1      | qw the Spriggan Hunter began the quest for the Orb.
     0 | D:1      | Reached XP level 1. HP: 10/10 MP: 2/2
     0 | D:1      | 0 ||| qw: Version: 0.3-a-155-g5e7d8dd
     0 | D:1      | 0 ||| qw: Game counter: 3018
     0 | D:1      | 0 ||| qw: Melee chars always use a shield: true
     0 | D:1      | 0 ||| qw: God list: Okawaru
     0 | D:1      | 0 ||| qw: Allow faded altars: false
     0 | D:1      | 0 ||| qw: Do Orc after clearing Dungeon:15 true
     0 | D:1      | 0 ||| qw: Do second Lair branch before Depths: true
     0 | D:1      | 0 ||| qw: Lair rune preference: random
     0 | D:1      | 0 ||| qw: Goals: Normal
     0 | D:1      | 0 ||| PLANNING D:1-11
   150 | D:1      | Reached skill level 3 in Dodging
   254 | D:1      | Reached XP level 2. HP: 14/14 MP: 3/3
   562 | D:1      | 562 ||| DROPPING scroll of butterflies.
   635 | D:1      | Reached XP level 3. HP: 18/18 MP: 4/4
   980 | D:1      | 980 ||| READING scroll labelled LOIBITZ AFRA.
   980 | D:1      | 980 ||| IDENTIFYING red potion
   981 | D:1      | 981 ||| READING scroll labelled PITOGAU ASAWO.
  1014 | D:1      | 1014 ||| DROPPING potion of degeneration.
  1097 | D:2      | Noticed Robin
  1104 | D:2      | HP: 1/18 [goblin/+0 club[Robin] (5)]
  1105 | D:2      | Slain by a goblin

Levels and vault maps discovered:
D:1:      dpeg_arrival_snail, layout_basic, serial_co_window_serial,
          co_window_paths_a, co_window_paths_b, co_window_paths_a,
          co_window_corner_a, co_window_paths_b, co_window_paths_a,
          co_window_paths_a, co_window_unsneaky_path_d,
          co_window_of_opportunity_b, co_window_of_opportunity_b,
          co_window_corner_b, co_window_paths_e, co_window_4corner_b,
          glass_columns_a, glass_columns_b, glass_columns_b, minmay_misc_feat_x,
          minmay_pentomino_p2
D:2:      layout_basic, serial_shops, shop, chequers_avenue, uniq_robin

Skill      XL: |  1  2 |
---------------+-------+-----
Dodging        | 3 4 |  4.0
Fighting       | |  1.5
Ranged Weapons | |  4.6
Stealth        | |  1.5

Action                     || total
---------------------------++-------
   Fire: Shortbow          ||    88
    Use: Scroll            ||     2
 Armour: Robe              ||    12
  Dodge: Dodged            ||    32

Table legend:
 A = Non-vault XP
 B = Vault XP
 C = Vault XP percentage of total XP
 D = Non-vault monster count
 E = Vault monster count
 F = Vault count percentage of total count
                 A         B        C        D         E       F
            +---------+---------+-------+---------+---------+-------
      Total |      50 |       9 |  15.3 |      30 |       5 |  14.3
            +---------+---------+-------+---------+---------+-------
        D:1 |      47 |       1 |   2.1 |      28 |       1 |   3.4
        D:2 |       3 |       8 |  72.7 |       2 |       4 |  66.7
            +---------+---------+-------+---------+---------+-------
